 Dungeon Crawl Stone Soup version 0.31.0-32-g396128a36d (webtiles) character file.

Game seed: 968642670624486926

1579 Fractals the Fighter (level 8, -9/75 HPs)
             Began as a Minotaur Berserker on Apr 13, 2024.
             Was an Elder of Trog.
             Engulfed by a steam dragon's steam (18 damage)
             ... on level 6 of the Dungeon.
             The game lasted 00:13:25 (3737 turns).

Fractals the Fighter (Minotaur Berserker)           Turns: 3737, Time: 00:13:25

Health: -9/75      AC: 14    Str: 27    XL:     8   Next: 60%
Magic:  7/7        EV: 11    Int:  4    God:    Trog [****..]
Gold:   335        SH:  0    Dex: 13    Spells: 7/7 levels left

rFire   . . .        k - +0 hand axe (flame)
rCold   . . .        (no shield)
rNeg    . . .        g - +0 chain mail
rPois   .            (helmet restricted)
rElec   .            (no cloak)
rCorr   .            (no gloves)
SInv    .            (no boots)
Will    ++...        (no amulet) Stlth
                     o - +6 ring of strength
HPRegen 1.32/turn    s - +4 ring of protection
MPRegen 0.10/turn

%: no passive effects
@: strong-willed, on berserk cooldown, regenerating, slowed, very slow
A: horns 2, retaliatory headbutt
a: Renounce Religion, Berserk, Trog's Hand, Brothers in Arms


You were on level 6 of the Dungeon.
You worshipped Trog.
Trog was greatly pleased with you.
You visited 1 branch of the dungeon, and saw 6 of its levels.

You collected 335 gold pieces.

Inventory:

Hand Weapons
 a - a +0 mace
 e - a +0 hand axe
 k - a +0 hand axe of flaming (weapon)
Missiles
 h - a throwing net (quivered)
 w - 6 javelins
Armour
 g - a +0 chain mail (worn)
Jewellery
 d - a ring of protection from cold
 o - a +6 ring of strength (left hand)
 s - a +4 ring of protection (right hand)
Wands
 u - a wand of polymorph (3)
Scrolls
 b - a scroll of enchant armour {unknown}
 f - 6 scrolls of teleportation {unknown}
 l - a scroll of immolation {unknown}
 n - a scroll of amnesia {unknown}
 p - a scroll of butterflies {unknown}
 q - a scroll of fear {unknown}
 t - 2 scrolls of enchant weapon {unknown}
 v - a scroll of identify
Potions
 c - a potion of heal wounds
 i - 2 potions of invisibility {unknown}
 j - 2 potions of curing {unknown}
 m - a potion of might {unknown}
 r - a potion of attraction {unknown}
 x - a potion of haste {unknown}


   Skills:
 + Level 8.3 Fighting
 - Level 7.0(7.4) Axes
 - Level 3.6(5.7) Maces & Flails
 - Level 6.5 Armour
 - Level 5.0 Dodging


You had 7 spell levels left.
You didn't know any spells.
Your spell library was empty.

Dungeon Overview and Level Annotations

Branches:
Dungeon (6/15)
 Temple: D:4-7

Altars:
Ashenzari
Hepliaklqana
Makhleb
Qazlal
Uskayaw

Shops:
D:2 :[


Innate Abilities, Weirdness & Mutations

You have a pair of horns on your head.
You reflexively headbutt those who attack you in melee.


Message History

You feel yourself slow down. The steam dragon breathes steam at you.
The ball of steam hits you!
You hear a bark!
You hear a shout!
You hear an angry hiss.
You hear a shout!
You are engulfed in a cloud of scalding steam.
* * * LOW HITPOINT WARNING * * *
You feel sick.
You are engulfed in a cloud of scalding steam.
You feel sick.
You feel sick.
You are no longer poisoned.
You feel much better. The steam dragon breathes steam at you.
The ball of steam hits you!
You hear a bark!
You hear a shout!
You hear an angry hiss.
You hear a shout!
A hound comes into view.
The steam dragon attacks as it pursues you!
The steam dragon bites you. The steam dragon barely misses you.
The steam dragon bites you.
The steam dragon claws you but does no damage.
You closely miss the steam dragon. The steam dragon bites you!
* * * LOW HITPOINT WARNING * * *
The steam dragon claws you but does no damage.
You barely miss the steam dragon. You headbutt the steam dragon.
The steam dragon is lightly wounded.
The steam dragon bites you but does no damage.
The steam dragon claws you but does no damage.
You hit the steam dragon. You burn the steam dragon.
Your headbutt misses the steam dragon.
The steam dragon is lightly wounded.
The steam dragon breathes steam at you. The ball of steam hits you!
* * * LOW HITPOINT WARNING * * *
The steam dragon bites you.
* * * LOW HITPOINT WARNING * * *
The steam dragon barely misses you.
Your skin crawls.
You feel strong-willed.
You are engulfed in a cloud of scalding steam.
You die...

..... .# .....#
...5.###.###.....#
.5............[>.##
#..##.....?...
#..##.........
#...#..†......
#))....###+#
#..:..hD§#.#
.......####@..#
....#.#... ##§.#
♣.♣.#.#.#.# #.§# ..
. #.#.#.####>######
. .♣
#.#.#...........#
..
#.#.#..###...##.#
#...........###
#...####......##
... ####....#


You could see a steam dragon (catching breath) and a hound.

Vanquished Creatures
  Grinder (D:3)
  Duvessa (D:6)
  An ice beast (D:5)
  A black bear (D:4)
  2 ogres
  2 scorpions (D:4)
  Dowan (D:6)
  A howler monkey (D:4)
  3 bombardier beetles
  2 orc priests (D:5)
  A gnoll bouda (D:4)
  4 hounds
  3 orc wizards (D:5)
  3 iguanas
  8 gnolls
  5 adders
  2 white imps
  4 ufetubi
  2 dart slugs
  4 ribbon worms
  12 orcs
  7 ball pythons
  7 endoplasms
  6 giant cockroaches
  9 goblins
  7 hobgoblins
  6 jackals
  2 quokkas
  5 bats
  6 frilled lizards
  7 kobolds
  4 rats
129 creatures vanquished.

Notes
Turn   | Place    | Note
-------+----------+-------------------------------------------
     0 | D:1      | Fractals the Minotaur Berserker began the quest for the
                  | Orb.
     0 | D:1      | Reached XP level 1. HP: 19/19 MP: 0/0
   139 | D:1      | Reached skill level 4 in Fighting
   213 | D:1      | Reached XP level 2. HP: 28/28 MP: 1/1
   277 | D:1      | Reached ** piety under Trog
   328 | D:1      | Reached skill level 5 in Fighting
   570 | D:1      | Reached XP level 3. HP: 36/36 MP: 2/2
   762 | D:2      | Found Utwyur's Book Emporium.
   871 | D:2      | Found a faded altar of an unknown god.
   929 | D:2      | Found Xumurij's Antique Armour Boutique.
  1418 | D:3      | Reached skill level 1 in Axes
  1427 | D:3      | Reached XP level 4. HP: 30/44 MP: 3/3
  1538 | D:3      | Found a stormy altar of Qazlal.
  1627 | D:3      | Reached skill level 6 in Fighting
  1965 | D:3      | Noticed Grinder
  1965 | D:3      | Paralysed by Grinder for 5 turns
  1981 | D:3      | Killed Grinder
  1982 | D:3      | Reached XP level 5. HP: 50/50 MP: 4/4
  1982 | D:3      | Reached XP level 6. HP: 57/57 MP: 5/5
  2227 | D:4      | Reached skill level 5 in Axes
  2227 | D:4      | Reached skill level 5 in Armour
  2406 | D:4      | Found a hide-covered altar of Uskayaw.
  2457 | D:4      | Reached XP level 7. HP: 63/63 MP: 6/6
  2463 | D:4      | Reached *** piety under Trog
  2656 | D:4      | Found a broken altar of Ashenzari.
  2899 | D:5      | Entered Level 5 of the Dungeon
  2991 | D:5      | Found a hazy altar of Hepliaklqana.
  3068 | D:5      | Reached XP level 8. HP: 59/70 MP: 7/7
  3351 | D:5      | Reached **** piety under Trog
  3358 | D:5      | Reached skill level 7 in Fighting
  3622 | D:5      | Found a burning altar of Makhleb.
  3625 | D:5      | Reached skill level 5 in Dodging
  3708 | D:6      | Noticed Duvessa
  3708 | D:6      | Noticed Dowan
  3719 | D:6      | Killed Dowan
  3722 | D:6      | Killed Duvessa
  3723 | D:6      | Reached skill level 8 in Fighting
  3737 | D:6      | Engulfed by a steam dragon's steam

Illustrated notes

Levels and vault maps discovered:
D:1:      roderic_crop_circles_arrival_small, layout_loops_cross,
          minmay_misc_feat_hallway, amcnicky_mini_rare_corridor_liquid
D:2:      layout_loops_cross, serial_shops, nicolae_shop_trees,
          nicolae_shop_tiny_statue_garden, chequers_ecumenical_altar_island,
          grunt_decor_fettered
D:3:      layout_basic, mainiacjoe_overflow_catwalk, uniq_grinder
D:4:      layout_basic, mainiacjoe_overflow_concentric_impassable,
          marbit_many_paths, serial_park_tiny_1
D:5:      layout_cave_pools, makhleb_blood_cavern_becter,
          mainiacjoe_overflow_cross_hatched
D:6:      layout_basic, minmay_temple_entry_trees, uniq_sigmund, uniq_duvessa

Skill      XL: |  1  2  3  4  5  6  7  8 |
---------------+-------------------------+-----
Fighting       | 4 5 6 8 |  8.3
Axes           | 1 4 5 7 |  7.0
Armour         | 4 5 6 |  6.5
Dodging        | 3 5 |  5.0
Maces & Flails | |  3.6

Action                     |  1- 3 |  4- 6 |  7- 9 || total
---------------------------+-------+-------+-------++-------
  Melee: Mace              |    67 |       |       ||    67
         Headbutt          |    18 |    11 |    25 ||    54
         Hand axe          |    17 |    54 |   152 ||   223
         Punch             |       |       |     3 ||     3
 Invoke: Berserk           |       |     2 |     3 ||     5
         Trog's Hand       |       |       |     1 ||     1
    Use: Scroll            |       |     2 |       ||     2
         Potion            |       |       |     1 ||     1
 Armour: Scale mail        |    57 |    22 |       ||    79
         Animal skin       |     3 |       |       ||     3
         Chain mail        |       |    10 |   131 ||   141
  Dodge: Dodged            |    40 |    32 |    75 ||   147
